 Dungeon Crawl Stone Soup version 0.21.0 (webtiles) character file.

63354 Timinator the Martial Artist (level 14, -5/113 HPs)
             Began as a Vampire Transmuter on Jan 10, 2018.
             Was the Champion of Kikubaaqudgha.
             Slain by Agnes
             ... wielding a +0 lajatang
              (10 damage)
             ... on level 14 of the Dungeon on Jan 11, 2018.
             The game lasted 04:01:51 (21564 turns).

Timinator the Martial Artist (Vampire Transmuter)  Turns: 21564, Time: 04:01:52

Health: -5/113     AC: 11    Str:  9    XL:     14   Next: 67%
Magic:  0/26       EV: 26    Int: 22    God:    Kikubaaqudgha [******]
Gold:   883        SH:  0    Dex: 25    Spells: 4/30 levels left

rFire    . . .     SeeInvis +     - Unarmed
rCold    . . .     Gourm    .   (no shield)
rNeg     . . .     Faith    .   (no armour)
rPois    .         Spirit   +   e - +2 hat
rElec    .         Reflect  .   s - +2 cloak {+Inv}
rCorr    .         Harm     .   o - +1 pair of gloves
MR       +....                  j - +2 pair of boots
Stlth    ++........             t - amulet of guardian spirit
HPRegen  0.48/turn              B - +6 ring of intelligence
MPRegen  0.20/turn              w - +2 ring of dexterity

@: regenerating quickly
A: fangs 3, horns 1, see invisible, agile 2, shaggy fur 1, unbreathing
a: Receive Corpses, Torment, Brand Weapon With Pain, Receive Necronomicon,
Renounce Religion, Evoke Invisibility


You were on level 14 of the Dungeon.
You worshipped Kikubaaqudgha.
Kikubaaqudgha was exalted by your worship.
You were full.

You visited 3 branches of the dungeon, and saw 18 of its levels.
You also visited: Labyrinth.

You collected 1911 gold pieces.
You spent 1028 gold pieces at shops.

Inventory:

Missiles
 a - 228 arrows
Armour
 e - a +2 hat (worn)
 j - a +2 pair of boots (worn)
 o - a +1 pair of gloves (worn)
 r - a +2 robe of fire resistance
 s - a +2 cloak of invisibility (worn)
 D - a scarf of cloud immunity
 P - a +1 ring mail of positive energy
Jewellery
 t - an amulet of guardian spirit (around neck)
 w - a +2 ring of dexterity (right hand)
 B - a +6 ring of intelligence (left hand)
 H - an uncursed amulet of regeneration
Wands
 g - a wand of acid (6)
 m - a wand of polymorph (11)
 q - a wand of random effects (25)
 v - a wand of flame (114)
 O - a wand of scattershot (3)
Scrolls
 b - 8 scrolls of remove curse
 f - 2 scrolls of teleportation
 h - 2 scrolls of identify
 i - 6 scrolls of magic mapping {unknown}
 k - 2 scrolls of vulnerability {unknown}
 l - 4 scrolls of amnesia {unknown}
 n - 2 scrolls of enchant weapon {unknown}
 x - 2 scrolls of fog {unknown}
 y - 2 scrolls of random uselessness {unknown}
 z - a scroll of holy word {unknown}
 A - 3 scrolls of brand weapon {unknown}
 I - a scroll of silence {unknown}
 K - a scroll of immolation {unknown}
 L - a scroll of blinking
Potions
 d - 14 potions of blood
 p - 5 potions of curing
 u - 4 potions of might
 C - 2 potions of brilliance
 F - 3 potions of flight
 G - 2 potions of mutation
 T - a potion of resistance {unknown}
Books
 c - a book of Changes

   Spells                             Type                      Level
   a - Beastly Appendage              Transmutation                1
   b - Sticks to Snakes               Transmutation                2
   c - Spider Form                    Transmutation/Poison         3
   d - Ice Form                       Ice/Transmutation            4
   e - Blade Hands                    Transmutation                5
 E - Kikubaaqudgha's Tome of Evil
   (Kikubaaqudgha gifted it to you on level 7 of the Dungeon)

   Spells                             Type                      Level
   a - Animate Skeleton               Necromancy                   1
   b - Pain                           Necromancy                   1
   c - Sublimation of Blood           Necromancy                   2
   d - Regeneration                   Charms/Necromancy            3
 J - Kikubaaqudgha's Volume of Evil Secrets
   (Kikubaaqudgha gifted it to you on level 10 of the Dungeon)

   Spells                             Type                      Level
   a - Animate Dead                   Necromancy                   4
   b - Bolt of Draining               Conjuration/Necromancy       5
   c - Borgnjor's Vile Clutch         Necromancy/Earth             5
   d - Agony                          Necromancy                   5
   e - Dispel Undead                  Necromancy                   5
 S - Roxanne's Almanac of Clay
   (You took it off Roxanne on level 14 of the Dungeon)

   Spells                             Type                      Level
   a - Petrify                        Transmutation/Earth          4
   b - Statue Form                    Transmutation/Earth          6
   c - Shatter                        Earth                        9
Miscellaneous
 M - a lamp of fire


   Skills:
 * Level 11.5 Fighting
 - Level 2.3 Armour
 * Level 13.3 Dodging
 * Level 13.6 Unarmed Combat
 + Level 8.7 Spellcasting
 * Level 8.7 Necromancy
 - Level 1.0 Translocations
 - Level 10.1 Transmutations


You had 4 spell levels left.
You knew the following spells:

 Your Spells              Type           Power        Failure   Level  Hunger
a - Beastly Appendage     Tmut           ######       1%          1    None
b - Blink                 Tloc           N/A          7%          2    None
c - Blade Hands           Tmut           ######....   3%          5    #####..
d - Ice Form              Ice/Tmut       ####....     9%          4    ##.....
e - Regeneration          Chrm/Necr      ####......   3%          3    None
f - Animate Dead          Necr           N/A          1%          4    ##.....
g - Agony                 Necr           #####...     5%          5    #####..
h - Sublimation of Blood  Necr           #####.....   1%          2    None


Dungeon Overview and Level Annotations

Branches:
Dungeon (15/15)            Temple (1/1) D:5            Lair (0/6) D:10
    Orc (2/2) D:10            Elf (0/3) Orc:2        Vaults (0/5) D:13
 Depths: D:15

Altars:
Ashenzari
Cheibriados
Dithmenos
Elyvilon
Fedhas
Gozag
Hepliaklqana
Kikubaaqudgha
Makhleb
Nemelex Xobeh
Okawaru
Qazlal
Ru
Sif Muna
Trog
Uskayaw
Vehumet
Wu Jian
Xom
Yredelemnul
Zin
The Shining One
Beogh

Shops:
D:12 ?   D:13 %   D:14 !?[   Orc:2 :**(

Annotations:
D:14 Agnes


Innate Abilities, Weirdness & Mutations

Your natural rate of healing is unusually fast.
You have razor-sharp teeth.
You have supernaturally acute eyesight. (SInv)
You can survive without breathing.
You have a pair of small horns on your head.
You are very agile. (Dex +4)
You are covered in fur. (AC +1)


Message History

Casting: Blade Hands
Confirm with . or Enter, or press ? or * to list all spells.
Okay, then.
Agnes says, "It is my duty to kill you, but also my pleasure."
Agnes barely misses you. Agnes completely misses you. Agnes misses you.
Agnes closely misses you. Agnes completely misses you.
Agnes hits you with a lajatang!
* * * LOW HITPOINT WARNING * * *
Casting: Blade Hands
Confirm with . or Enter, or press ? or * to list all spells.
Okay, then.
Casting: Blade Hands
Confirm with . or Enter, or press ? or * to list all spells.
You don't have enough magic to cast that spell.
Agnes hits you with a lajatang!
You die...
Kikubaaqudgha rasps: "You have failed me!
Welcome... oblivion!"

######.#.>....###..##.######
#. #.######..............####
#)# ######....####...## #.#
#..### ####... ## #####.#####
####..# #.....) .#
#.8..∩..8.####u...######.#####
.# #.####..#.##......(.....(#
.###.#####.#..[.i###[########
.......)......##@# #.##
.#...)#######....# #..#
.####........#)### ##.# .#
########.(.# #.# .#
###...######.# ##
#...#.....##.### #
#.###.###......#### # # #.#
#.(.####.#....###### # ##.#
###.# #.####.....).


You could see Agnes and a cyan ugly thing.

Vanquished Creatures
  Rupert (D:14)
  Gastronok (D:11)
  Roxanne (D:14)
  An orc warlord (Orc:1)
  Nessos (Orc:2)
  Azrael (Orc:1)
  Snorg (D:13)
  A minotaur (Lab)
  Erolcha (Orc:2)
  4 hydras
  A death knight (D:13)
  3 centaur warriors
  5 two-headed ogres
  3 tengu warriors
  An ogre mage (D:13)
  6 orc high priests
  Sonja (D:10)
  6 skeletal warriors
  3 unseen horrors
  A deep elf mage (D:14)
  8 orc knights
  A wolf spider zombie (D:14)
  2 ugly things
  4 cyclopes
  2 slime creatures (D:14)
  Maurice (D:8)
  2 gargoyles
  A komodo dragon (D:14)
  An efreet (D:14)
  A kobold demonologist (D:11)
  2 polar bears (D:11)
  5 trolls
  A blink frog (shapeshifter) (D:14)
  Grinder (D:5)
  A centaur simulacrum (D:11)
  4 hippogriffs
  3 wyverns
  3 shadows
  Eustachio (D:5)
  2 vampires
  7 yaks
  A basilisk (D:14)
  A steam dragon (D:14)
  2 fire elementals
  5 hungry ghosts
  2 wargs
  A water moccasin (D:12)
  Edmund (D:5)
  A soldier ant (D:13)
  6 hell hounds (Orc:2)
  4 ice beasts
  51 orc warriors
  A swamp drake (D:10)
  4 sky beasts
  A hornet zombie (D:13)
  2 necrophages
  A phantom (D:12)
  A wolf (D:11)
  A black bear (D:13)
  17 ogres
  3 eyes of draining
  6 centaurs
  3 crocodiles
  11 bullfrogs
  4 big kobolds
  Blork the orc (D:6)
  An earth elemental (Lab)
  A water moccasin zombie (D:5)
  2 wyvern skeletons
  5 scorpions
  A water moccasin skeleton (D:4)
  10 killer bees
  The ghost of ultrashaft the Twirler, a weakling DsGl (D:3)
  9 wights
  6 howler monkeys
  9 electric eels
  6 crimson imps
  3 centaur zombies
  3 bullfrog zombies
  40 orc priests
  4 hounds
  3 jellies
  26 orc wizards
  A bullfrog skeleton (D:11)
  6 centaur skeletons
  Jessica (D:3)
  5 iguanas
  10 worker ants
  A killer bee zombie (D:8)
  A bullfrog simulacrum (D:11)
  A hound skeleton (D:6)
  A worker ant zombie (D:11)
  4 gnolls (D:9)
  13 adders
  6 shadow imps
  10 white imps (D:11)
  4 ufetubi (D:11)
  2 oozes
  An adder skeleton (D:6)
  2 worms (D:2)
  2 dart slugs
  5 leopard geckos
  111 orcs
  6 giant cockroaches
  5 goblins
  11 hobgoblins
  7 jackals
  5 quokkas
  A ball python (D:3)
  8 bats
  6 frilled lizards
  A jackal skeleton (D:5)
  A jackal zombie (D:5)
  27 kobolds
  10 rats
632 creatures vanquished.

Vanquished Creatures (collateral kills)
  An orc warrior (Orc:2)
  An ogre (Orc:1)
  2 orc wizards (Orc:2)
  4 orcs (Orc:2)
8 creatures vanquished.

Vanquished Creatures (others)
  An ufetubus (D:11)
1 creature vanquished.

Grand Total: 641 creatures vanquished

Notes
Turn   | Place    | Note
-------+----------+-------------------------------------------
     0 | D:1      | Timinator the Vampire Transmuter began the quest for the Orb.
     0 | D:1      | Reached XP level 1. HP: 14/14 MP: 3/3
    55 | D:1      | Reached skill level 1 in Fighting
   153 | D:1      | Reached XP level 2. HP: 13/22 MP: 5/5
   597 | D:1      | Reached XP level 3. HP: 25/27 MP: 6/6
  1041 | D:2      | Reached XP level 4. HP: 24/33 MP: 5/8
  1250 | D:2      | Learned a level 2 spell: Blink
  1548 | D:3      | Noticed ultrashaft's ghost (weakling DsGl)
  1748 | D:2      | Reached XP level 5. HP: 12/39 MP: 7/9
  1894 | D:3      | Noticed Jessica
  1910 | D:3      | Killed Jessica
  2067 | D:3      | Killed ultrashaft's ghost
  2260 | D:3      | Reached XP level 6. HP: 43/46 MP: 10/10
  2300 | D:3      | Noticed a fire elemental
  2302 | D:3      | Found a stormy altar of Qazlal.
  2303 | D:3      | Noticed a water elemental
  2303 | D:3      | Noticed an air elemental
  2659 | D:3      | Learned a level 5 spell: Blade Hands
  3049 | D:4      | Found a radiant altar of Vehumet.
  3300 | D:4      | Reached XP level 7. HP: 35/52 MP: 12/12
  3333 | D:4      | Reached skill level 5 in Unarmed Combat
  3415 | D:4      | Found a sacrificial altar of Ru.
  3448 | D:4      | You fall through a shaft!
  3448 | D:5      | Entered Level 5 of the Dungeon
  3698 | D:5      | Reached XP level 8. HP: 45/60 MP: 11/13
  3977 | D:4      | Reached skill level 5 in Dodging
  4025 | D:4      | Learned a level 4 spell: Ice Form
  4332 | D:5      | Noticed Grinder
  4342 | D:5      | Killed Grinder
  4342 | D:5      | Reached skill level 5 in Transmutations
  4367 | D:5      | Noticed Edmund
  4374 | D:5      | Noticed Eustachio
  4378 | D:5      | Killed Edmund
  4388 | D:5      | Killed Eustachio
  4485 | D:5      | Found a staircase to the Ecumenical Temple.
  4639 | Temple   | Entered the Ecumenical Temple
  5005 | D:5      | Reached skill level 1 in Translocations
  5176 | D:6      | Reached skill level 5 in Fighting
  5245 | D:6      | Noticed Blork the orc
  5278 | D:6      | Killed Blork the orc
  5327 | D:6      | Reached XP level 9. HP: 53/68 MP: 12/15
  5745 | D:6      | Found a sacrificial altar of Ru.
  5996 | D:7      | You fall through a shaft for 2 floors!
  6188 | D:9      | Found a glowing silver altar of Zin.
  6189 | D:9      | Found an ancient bone altar of Kikubaaqudgha.
  6191 | D:9      | Found a burning altar of Makhleb.
  6193 | D:9      | Found a glowing golden altar of the Shining One.
  6195 | D:9      | Found an opulent altar of Gozag.
  6198 | D:9      | Became a worshipper of Kikubaaqudgha
  6266 | D:8      | Found an opulent altar of Gozag.
  6830 | D:7      | Reached * piety under Kikubaaqudgha
  6830 | D:7      | Identified Kikubaaqudgha's Tome of Evil (Kikubaaqudgha gifted it to you on level 7 of the Dungeon)
  6830 | D:7      | Received a gift from Kikubaaqudgha
  7000 | D:8      | Noticed a two-headed ogre
  7139 | D:8      | Killed a two-headed ogre
  7139 | D:8      | Reached skill level 5 in Spellcasting
  7139 | D:8      | Reached XP level 10. HP: 69/77 MP: 10/17
  7140 | D:8      | Noticed a gargoyle
  7145 | D:8      | Killed a gargoyle
  7271 | D:8      | Found a hazy altar of Hepliaklqana.
  7677 | D:8      | Noticed Maurice
  7687 | D:8      | Killed Maurice
  8638 | D:9      | Found a shattered altar of Ashenzari.
  8718 | D:9      | Learned a level 3 spell: Regeneration
  8750 | D:9      | Found a shimmering altar of Xom.
  8794 | D:9      | Reached ** piety under Kikubaaqudgha
  8894 | D:10     | Entered Level 10 of the Dungeon
  8916 | D:9      | Reached skill level 1 in Necromancy
  9114 | D:10     | Noticed an unseen horror
  9147 | D:10     | Killed an unseen horror
  9304 | D:10     | Noticed Sonja
  9325 | D:10     | Killed Sonja
  9458 | D:10     | Reached XP level 11. HP: 84/84 MP: 12/19
  9613 | D:10     | Found a staircase to the Lair.
  9944 | D:10     | Found a staircase to the Orcish Mines.
  9968 | D:10     | Reached *** piety under Kikubaaqudgha
  9968 | D:10     | Identified Kikubaaqudgha's Volume of Evil Secrets (Kikubaaqudgha gifted it to you on level 10 of the Dungeon)
  9968 | D:10     | Received a gift from Kikubaaqudgha
 10007 | Orc:1    | Entered Level 1 of the Orcish Mines
 10036 | Orc:1    | Learned a level 4 spell: Animate Dead
 10039 | Orc:1    | Found a bloodstained altar of Trog.
 10372 | Orc:1    | Found a roughly hewn altar of Beogh.
 10775 | Orc:1    | Reached **** piety under Kikubaaqudgha
 11126 | Orc:2    | Entered Level 2 of the Orcish Mines
 11126 | Orc:2    | Noticed an orc high priest
 11139 | Orc:1    | Killed an orc high priest
 11157 | Orc:1    | Reached skill level 10 in Unarmed Combat
 11330 | Orc:2    | Found a staircase to the Elven Halls.
 11406 | Orc:2    | Noticed Azrael
 11406 | Orc:2    | Reached skill level 5 in Necromancy
 11521 | Orc:1    | Killed Azrael
 11629 | Orc:2    | Noticed Nessos
 12153 | Orc:2    | Killed Nessos
 12153 | Orc:2    | Reached skill level 10 in Dodging
 12294 | Orc:2    | Reached XP level 12. HP: 79/94 MP: 11/21
 12345 | Orc:2    | Noticed an orc warlord
 12388 | Orc:1    | Reached ***** piety under Kikubaaqudgha
 12693 | Orc:1    | Killed an orc warlord
 13208 | Orc:2    | Noticed Erolcha
 13243 | Orc:1    | Identified a scroll of acquirement
 13244 | Orc:1    | Got a brightly glowing silver ring
 13245 | Orc:1    | Identified the ring "Gich" {-Tele rC+ Dex+4 Stlth+} (You acquired it on level 1 of the Orcish Mines)
 13398 | Orc:2    | Killed Erolcha
 13508 | Orc:2    | Noticed an orc high priest
 13527 | Orc:1    | Killed an orc high priest
 13996 | Orc:2    | Noticed an orc high priest
 14169 | Orc:1    | Killed an orc high priest
 14275 | Orc:2    | Noticed an orc high priest
 14302 | Orc:2    | Killed an orc high priest
 14451 | Orc:2    | Reached skill level 10 in Transmutations
 14477 | Orc:2    | Noticed an orc high priest
 14605 | Orc:2    | Killed an orc high priest
 14605 | Orc:2    | Reached XP level 13. HP: 103/103 MP: 18/24
 15000 | Orc:2    | Reached skill level 10 in Fighting
 15014 | Orc:2    | Found Ycvys's Book Shoppe.
 15014 | Orc:2    | Found Dorut's Assorted Antiques.
 15015 | Orc:2    | Found Nymixoum's Assorted Antiques.
 15015 | Orc:2    | Found Vywaq Imunni's Antique Weapon Shoppe.
 15034 | Orc:2    | Bought a scroll of identify for 64 gold pieces
 15034 | Orc:2    | Bought a black potion for 28 gold pieces
 15034 | Orc:2    | Bought 3 scrolls of identify for 192 gold pieces
 15290 | D:11     | Reached skill level 1 in Armour
 15464 | D:11     | Found an opulent altar of Gozag.
 15505 | D:11     | Noticed Gastronok
 15528 | D:11     | Killed Gastronok
 16424 | D:11     | Learned a level 5 spell: Agony
 16781 | D:12     | Reached ****** piety under Kikubaaqudgha
 16965 | D:12     | Found Ara Uqel's Magic Scroll Emporium.
 16973 | D:12     | Bought a scroll of blinking for 120 gold pieces
 16973 | D:12     | Bought a scroll of blinking for 120 gold pieces
 17034 | D:13     | Found a labyrinth entrance.
 17058 | Lab      | Entered a labyrinth
 18552 | Lab      | Noticed a minotaur
 18595 | Lab      | Killed a minotaur
 18687 | D:13     | Found Paagadonk's Food Emporium.
 18784 | D:13     | Found a gate to the Vaults.
 19397 | D:13     | Noticed Snorg
 19406 | D:13     | Killed Snorg
 19487 | D:13     | Reached XP level 14. HP: 109/111 MP: 1/26
 19868 | D:14     | Noticed Roxanne
 20266 | D:14     | Noticed Rupert
 20269 | D:15     | Entered Level 15 of the Dungeon
 20273 | D:15     | Found a glowing silver altar of Zin.
 20389 | D:14     | Found Qattam's Magic Scroll Boutique.
 20440 | D:14     | HP: 5/113 [centaur warrior (13)]
 20835 | D:14     | Learned a level 2 spell: Sublimation of Blood
 20873 | D:14     | Bought a scroll of identify for 20 gold pieces
 20873 | D:14     | Bought a scroll of identify for 20 gold pieces
 20892 | D:14     | Found a shimmering altar of Xom.
 20953 | D:14     | Killed Rupert
 20954 | D:14     | Found Bebbaetz's Armour Shoppe.
 21139 | D:14     | Found Losaiz Dupn's Distillery.
 21149 | D:14     | Bought 2 potions of heal wounds for 160 gold pieces
 21149 | D:14     | Bought a potion of mutation for 128 gold pieces
 21149 | D:14     | Bought a potion of lignification for 48 gold pieces
 21149 | D:14     | Bought a potion of heal wounds for 80 gold pieces
 21149 | D:14     | Bought a potion of curing for 48 gold pieces
 21151 | D:14     | Gained mutation: You are agile. (Dex +2) [potion of mutation]
 21151 | D:14     | Gained mutation: You are very agile. (Dex +4) [potion of mutation]
 21151 | D:14     | Gained mutation: You have a pair of small horns on your head. [potion of mutation]
 21151 | D:14     | Gained mutation: You are covered in fur. (AC +1) [potion of mutation]
 21451 | D:14     | Killed Roxanne
 21452 | D:14     | Identified Roxanne's Almanac of Clay (You took it off Roxanne on level 14 of the Dungeon)
 21533 | D:14     | Noticed Agnes
 21562 | D:14     | HP: 4/113 [Agnes/lajatang (7)]
 21564 | D:14     | Slain by Agnes

Skill      XL: |  1  2  3  4  5  6  7  8  9 10 11 12 13 14 |
---------------+-------------------------------------------+-----
Fighting       | 2 3 4 5 6 7 8 9 10 11 | 11.5
Unarmed Combat | 4 5 6 8 9 10 11 12 13 | 13.6
Spellcasting   | 3 4 5 6 7 8 |  8.7
Dodging        | 3 4 6 7 8 10 11 12 13 | 13.3
Transmutations | 3 4 6 7 8 10 | 10.1
Translocations | 1 |  1.0
Necromancy     | 3 5 7 8 |  8.7
Armour         | 2 |  2.3

Action                   |  1- 3 |  4- 6 |  7- 9 | 10-12 | 13-15 || total
-------------------------+-------+-------+-------+-------+-------++-------
Melee: Unarmed           |   156 |   342 |   408 |   837 |   688 ||  2431
       Bite              |    12 |    31 |    41 |    74 |    83 ||   241
       Punch             |     1 |     5 |    19 |    45 |    45 ||   115
       Kick              |     3 |       |       |       |       ||     3
       Headbutt          |     3 |    31 |    33 |    39 |    58 ||   164
 Cast: Beastly Appendage |     6 |    22 |    23 |    16 |    17 ||    84
       Blade Hands       |       |       |     7 |    63 |    46 ||   116
       Ice Form          |       |       |     1 |     2 |     5 ||     8
       Blink             |       |       |     3 |     3 |     3 ||     9
       Regeneration      |       |       |       |    16 |     6 ||    22
       Animate Dead      |       |       |       |     5 |       ||     5
       Agony             |       |       |       |       |    17 ||    17
       Sublimation of Bl |       |       |       |       |     2 ||     2
Invok: Receive Corpses   |       |       |       |     2 |     2 ||     4
 Abil: End Transformatio |       |       |     1 |     8 |     8 ||    17
       Bat Form          |       |       |     1 |     1 |     1 ||     3
       Evoke Invisibilit |       |       |       |     2 |     3 ||     5
Evoke: Wand              |       |       |       |    10 |       ||    10
  Use: Potion            |     1 |     6 |    15 |    22 |    25 ||    69
       Scroll            |     1 |     3 |     4 |     7 |    11 ||    26
 Stab: Sleeping          |     1 |       |     1 |       |       ||     2
       Invisible         |       |       |       |     2 |     3 ||     5
       Distracted        |       |       |       |     1 |       ||     1
  Eat: Corpse            |     7 |     7 |    12 |    39 |    23 ||    88
Armor: Robe              |    33 |    68 |    79 |   111 |    87 ||   378
       Skin              |       |       |       |       |    19 ||    19
Dodge: Dodged            |    99 |   185 |   259 |   616 |   543 ||  1702
